 Dungeon Crawl Stone Soup version 0.16-a0-2063-g87d9768 (webtiles) character file.

998 Sixotanaka the Tainter (level 8, -1/52 HPs)
             Began as a Formicid Venom Mage on Nov 14, 2014.
             Was an Elder of Makhleb.
             Killed by an exploding giant spore (34 damage)
             ... on level 6 of the Dungeon.
             The game lasted 00:25:44 (6636 turns).

Sixotanaka the Tainter (Formicid Venom Mage)        Turns: 6636, Time: 00:25:44

Health: -1/52      AC:  7    Str: 16    XL:     8   Next: 43%
Magic:  13/16      EV: 12    Int: 17    God:    Makhleb [****..]
Gold:   61         SH:  0    Dex: 11    Spells: 2 memorised, 7 levels left

rFire  . . .     SeeInvis +     e - +3 hand axe
rCold  . . .     Clarity  .     a - +1 robe (curse)
rNeg   . . .     SustAb   .     (no shield)
rPois  .         Gourm    .     (helmet unavailable)
rElec  .         Spirit   .     (no cloak)
rCorr  .         Warding  .     y - +2 pair of gloves {Str+3}
rMut   .         Stasis   +     B - +0 pair of boots (curse)
MR     .....                    (no amulet)
Stlth  +.........               (no ring)
                                (no ring)

@: confused, not resistant to hostile enchantments, very unstealthy
A: permanent stasis, dig shafts and tunnels, four strong arms, antennae 3
a: Dig, Shaft Self, Minor Destruction, Lesser Servant of Makhleb, Major
Destruction, Renounce Religion


You were on level 6 of the Dungeon.
You worshipped Makhleb.
Makhleb was greatly pleased with you.
You were very hungry.

You visited 1 branch of the dungeon, and saw 6 of its levels.
You also visited: Ossuary.

You collected 394 gold pieces.
You spent 333 gold pieces at shops.


Innate Abilities, Weirdness & Mutations

You are under a permanent stasis effect.
You can dig through walls and to a lower floor.
Your four strong arms can wield two-handed weapons with a shield.
You have a pair of large antennae on your head (SInv).


   Skills:
 + Level 7.8 Axes
 - Level 1.7 Dodging
 - Level 2.4 Stealth
 - Level 2.1 Spellcasting
 - Level 8.3 Poison Magic


You had 7 spell levels left.
You knew the following spells:

 Your Spells              Type           Power        Failure   Level  Hunger
c - Mephitic Cloud        Conj/Pois/Air  ##......     21%         3    ###....
z - Sting                 Conj/Pois      ###.         3%          1    #......


Dungeon Overview and Level Annotations

Branches:
Dungeon (6/15)             Temple (0/1) D:5

Altars:
Cheibriados
Elyvilon
Kikubaaqudgha
Makhleb
Sif Muna
Zin

Shops:
D:5 [

Inventory:

Hand weapons
 e - a +3 hand axe (weapon)
 w - a +0 blowgun
Missiles
 n - 26 poisoned needles
Armour
 a - a cursed +1 robe (worn)
 y - a +2 pair of gloves of strength (worn)
   (You bought it in a shop on level 5 of the Dungeon)
 B - a cursed +0 pair of boots (worn)
Magical devices
 E - a wand of cold (10)
Scrolls
 c - a scroll of random uselessness {unknown}
 d - 2 scrolls of fear {unknown}
 f - a scroll of teleportation {unknown}
 g - a scroll of holy word {unknown}
 h - 2 scrolls of blinking {unknown}
 i - 2 scrolls of magic mapping {unknown}
 k - 2 scrolls of noise {unknown}
 m - a scroll of recharging {unknown}
 o - 2 scrolls of enchant armour
 p - 5 scrolls of remove curse {@r2}
 t - 3 scrolls of identify {@r1}
 x - a scroll of fog {unknown}
 A - a scroll of enchant weapon {unknown}
Potions
 j - a potion of might
 q - a potion of magic {unknown}
 r - a potion of flight
 u - 2 potions of invisibility
 v - 2 potions of agility
 z - a potion of beneficial mutation {unknown}
 C - a potion of curing {unknown}
Books
 b - a Young Poisoner's Handbook
Comestibles
 l - 2 fruits
 s - a bread ration
 D - a meat ration
 G - a slice of pizza

... ....### . ......
.. # #.P... ..
#.#.... .. #.#...###
r. ....... #.#####J#
###..P######## #
#.W..{..#
..##@........# ..
#...# #.##.........#
#.. #...####
#.##.........# ....
#...##.##
#.##.######### {...
#.....#.## #.....##
{.
###...##.####......#
#.....###....#..#..##
....### #.##.#..#...#
#### ....#
#.##........#####
####...


There were no monsters in sight!


Message History

You flicker back into view.
The jelly barely misses you.
You are feeling very hungry.
Your magical contamination has completely faded away.
The jelly closely misses you. The jelly closely misses you.
You hit the jelly. The acid corrodes your equipment!
The jelly is moderately wounded.
The jelly barely misses you.
You hit the jelly.
The jelly is severely wounded.
The jelly closely misses you.
You hit the jelly.
The jelly is severely wounded.
The jelly hits you.
You are splashed with acid!
The acid burns!
* * * LOW HITPOINT WARNING * * *
You hit the jelly but do no damage.
The jelly is severely wounded.
The jelly misses you.
You hit the jelly but do no damage.
The jelly is severely wounded.
The jelly barely misses you.
You slash the jelly!
You kill the jelly!
Makhleb accepts your kill.
You feel a little better.
You start resting.
You repair your equipment.
A giant spore comes into view.
A giant spore is nearby!
A giant spore is nearby!
Firing (i - inventory): No suitable missiles.
Press: ? - help, Shift-Dir - straight line, f - giant spore
Aim: a giant spore (resting)
Okay, then.
Casting: Sting
Confirm with . or Enter, or press ? or * to list all spells.
Aiming: Sting
Press: ? - help, Shift-Dir - straight line, f - you
Okay, then.
Press: ? - help, v - describe, . - travel
Here: a giant spore (resting)
The floor.
The giant spore waves its rhizomes.
Casting: Sting
Confirm with . or Enter, or press ? or * to list all spells.
Aiming: Sting
Press: ? - help, Shift-Dir - straight line, f - giant spore
Aim: a giant spore The sting misses the giant spore.
A ballistomycete grows in the wake of the giant spore.
Casting: Sting
Confirm with . or Enter, or press ? or * to list all spells.
Aiming: Sting
Press: ? - help, Shift-Dir - straight line, f/p - giant spore
Aim: a giant spore The sting hits the giant spore.
The giant spore completely resists.
Casting: Sting
Confirm with . or Enter, or press ? or * to list all spells.
Aiming: Sting
Press: ? - help, Shift-Dir - straight line, f/p - giant spore
Aim: a giant spore The sting misses the giant spore.
The sting hits the ballistomycete.
The ballistomycete is lightly damaged.
You hit the giant spore but do no damage.
The giant spore explodes!
A fungus suddenly grows.
The explosion of spores engulfs you!
You are confused.
Ouch! That really hurt!
You die...

Action                   |  1- 3 |  4- 6 |  7- 9 || total
-------------------------+-------+-------+-------++-------
Melee: Hand axe          |    44 |    83 |   156 ||   283
       Unarmed           |     1 |       |       ||     1
 Cast: Sting             |    41 |   165 |    51 ||   257
       Mephitic Cloud    |     1 |     8 |     1 ||    10
 Abil: Dig               |       |       |     2 ||     2
  Use: Scroll            |       |     3 |     6 ||     9
       Potion            |       |       |     3 ||     3
 Stab: Sleeping          |     1 |     3 |     1 ||     5
       Confused          |       |     1 |       ||     1
  Eat: Chunk             |     2 |    10 |     1 ||    13
       Bread ration      |       |     1 |       ||     1
       Meat ration       |       |       |     1 ||     1

Vault maps used:
D:1:      dpeg_arrival_ternary
D:2:      grunt_temple_overflow_order_and_chaos_2, st_stairs_4
D:3:      nicolae_overflow_hidden_temple, serial_undead, serial_undead_e,
          serial_undead_d, serial_undead_a, serial_undead_f, first_bread
D:4:      gammafunk_temple_overflow_statue, cheibriados_altar_1
D:5:      minmay_temple_entry_junction, serial_shops, nicolae_shop_crystal,
          enter_ossuary_4
D:6:      basic_altar, serial_shops, nicolae_shop_crystal
Ossuary:  ossuary_due_mausoleum

Notes
Turn   | Place    | Note
--------------------------------------------------------------
     0 | D:1      | Sixotanaka, the Formicid Venom Mage, began the quest for the Orb.
     0 | D:1      | Reached XP level 1. HP: 13/13 MP: 3/3
   196 | D:1      | Reached XP level 2. HP: 19/19 MP: 0/5
   392 | D:1      | Reached skill level 6 in Poison Magic
   733 | D:1      | Reached XP level 3. HP: 24/24 MP: 4/7
  1073 | D:2      | Learned a level 3 spell: Mephitic Cloud
  1345 | D:2      | Reached skill level 7 in Poison Magic
  1345 | D:2      | Reached XP level 4. HP: 23/30 MP: 1/8
  1489 | D:2      | Found a burning altar of Makhleb.
  1489 | D:2      | Noticed a cacodemon
  1492 | D:2      | Found a glowing silver altar of Zin.
  1492 | D:2      | Noticed an angel
  1502 | D:2      | Became a worshipper of Makhleb the Destroyer
  2126 | D:3      | HP: 6/30 [orc/mace (7)]
  2194 | D:3      | HP: 2/30 [worm (11)]
  2209 | D:3      | Acquired Makhleb's first power
  2209 | D:3      | Reached XP level 5. HP: 3/35 MP: 1/11
  2398 | D:3      | Reached skill level 8 in Poison Magic
  2793 | D:3      | Reached skill level 1 in Axes
  3216 | D:3      | Reached skill level 2 in Axes
  3253 | D:3      | Reached XP level 6. HP: 32/41 MP: 8/12
  3595 | D:3      | Acquired Makhleb's second power
  3650 | D:3      | Found an ancient bone altar of Kikubaaqudgha.
  3708 | D:3      | Reached skill level 3 in Axes
  3900 | D:4      | Found a white marble altar of Elyvilon.
  3900 | D:4      | Found a deep blue altar of Sif Muna.
  4179 | D:4      | Found a snail-covered altar of Cheibriados.
  4475 | D:4      | Reached skill level 4 in Axes
  4544 | D:4      | Acquired Makhleb's third power
  4876 | D:5      | Entered Level 5 of the Dungeon
  4877 | D:5      | Found a staircase to the Ecumenical Temple.
  4903 | D:5      | Found Wuddopul's Antique Armour Shoppe.
  4910 | D:5      | Bought a fine leather armour for 203 gold pieces
  4911 | D:5      | Bought a pair of embroidered gloves for 130 gold pieces
  4922 | D:5      | Identified the cursed -2 leather armour "Kito" {rPois MR+ Dex+1} (You bought it in a shop on level 5 of the Dungeon)
  4929 | D:5      | zzxc: the leather armour isnt thaaat bad
  4930 | D:5      | zzxc: I guess
  4930 | D:5      | zzxc: rpois is nice
  4988 | D:5      | Reached XP level 7. HP: 42/46 MP: 7/14
  5023 | D:5      | zzxc: your hp is almost like my level 15 felid lol
  5095 | D:5      | Found a sand-covered staircase.
  5113 | Ossuary  | Entered an ossuary
  5113 | Ossuary  | Noticed a wraith
  5113 | Ossuary  | Noticed a wraith
  5113 | Ossuary  | Noticed a wraith
  5114 | Ossuary  | Sixotanaka: i lose ac ev cast%
  5117 | Ossuary  | zzxc: yeah
  5120 | Ossuary  | zzxc: i agree with robe
  5285 | Ossuary  | Acquired Makhleb's fourth power
  5320 | Ossuary  | Noticed a wraith
  5332 | Ossuary  | HP: 8/46 [wraith (5)]
  5336 | Ossuary  | zzxc: hm
  5342 | Ossuary  | Killed a wraith
  5342 | Ossuary  | Reached skill level 5 in Axes
  5358 | Ossuary  | zzxc: tough fight
  5444 | D:5      | Sixotanaka: ye
  5477 | D:5      | Reached skill level 6 in Axes
  5744 | D:5      | zzxc: boots?
  5846 | D:5      | zzxc: lol
  5862 | D:6      | Reached XP level 8. HP: 52/52 MP: 13/16
  5897 | D:6      | zzxc: mut roulette
  5898 | D:6      | Sixotanaka: ?
  5924 | D:6      | zzxc: fiveo would advise against destroying mut corpses
  5977 | D:6      | Reached skill level 7 in Axes
  6098 | D:6      | zzxc: is this FoVM?
  6102 | D:6      | Found a burning altar of Makhleb.
  6132 | D:6      | Sixotanaka: ye
  6135 | D:6      | zzxc: cool
  6360 | D:6      | HP: 13/52 [acid (9)]
  6376 | D:6      | HP: 7/52 [acid (7)]
  6419 | D:6      | HP: 12/52 [jelly (3)]
  6419 | D:6      | HP: 2/52 [acid (10)]
  6462 | D:6      | zzxc: rofl
  6480 | D:6      | zzxc: go south
  6548 | D:6      | zzxc: imo easier if you go around the bigger pillar
  6557 | D:6      | zzxc: fewer missteps
  6636 | D:6      | Sixotanaka: ROFL
  6636 | D:6      | Sixotanaka: wow
  6636 | D:6      | Sixotanaka: these hurt now
  6636 | D:6      | zzxc: lolll
  6636 | D:6      | zzxc: that was
  6636 | D:6      | zzxc: a high roll
  6636 | D:6      | Sixotanaka: like 45 dmg
  6636 | D:6      | Sixotanaka: or so
  6636 | D:6      | Killed by an exploding giant spore

Vanquished Creatures
  A wraith (Ossuary)
  An ogre (D:6)
  A sky beast (D:6)
  A centaur (D:6)
  A scorpion (D:5)
  A goliath beetle (D:6)
  A hound (D:4)
  A jelly (D:6)
  2 orc wizards
  A big kobold skeleton (D:5)
  An ogre skeleton (D:3)
  A mummy (Ossuary)
  11 adders
  9 gnolls
  A shadow imp (D:5)
  A giant mite (D:3)
  2 worms (D:3)
  An orc zombie (D:5)
  3 giant geckos
  17 orcs
  8 bats
  4 giant cockroaches
  10 hobgoblins
  15 jackals
  6 quokkas
  3 giant newts
  8 gnoll skeletons (Ossuary)
  10 goblins
  A jackal skeleton (D:5)
  7 kobolds
  6 kobold skeletons (Ossuary)
  12 orc skeletons
  3 quokka zombies (D:5)
  12 rats
  A rat zombie (D:5)
164 creatures vanquished.
